 Dungeon Crawl Stone Soup version 0.26.0-3-g156281e41b (webtiles) character file.

Game seed: 11342365193795164718

5047 Dazliare the Martial Artist (level 10, -3/76 HPs)
             Began as a Gnoll Transmuter on Jan 9, 2021.
             Was a Priest of Dithmenos.
             Slain by a basilisk (5 damage)
             ... while petrified by a basilisk
             ... on level 9 of the Dungeon.
             The game lasted 00:16:47 (9981 turns).

Dazliare the Martial Artist (Gnoll Transmuter)      Turns: 9981, Time: 00:16:48

Health: -3/76      AC:  4    Str: 13    XL:     10   Next: 55%
Magic:  20/21      EV:  2    Int: 31    God:    Dithmenos [***...]
Gold:   658        SH:  0    Dex: 15    Spells: 7/23 levels left

rFire    . . .     SeeInvis .     - Unarmed
rCold    . . .     Faith    .   o - +0 buckler
rNeg     + + +     Spirit   .   g - +0 leather armour
rPois    ∞         Reflect  .   j - +0 helmet
rElec    .         Harm     .   (no cloak)
rCorr    .         Rampage  .   (no gloves)
Will     .....                  (no boots)
Stlth    ++++......             (no amulet)
HPRegen  0.22/turn              v - +6 ring of intelligence
MPRegen  0.17/turn              w - +6 ring of intelligence

@: lethally poisoned (-3 -> -3), petrified, wreathed by umbra
A: distributed training, fangs 1, strong nose
a: Renounce Religion, Shadow Step


You were on level 9 of the Dungeon.
You worshipped Dithmenos.
Dithmenos was most pleased with you.
You visited 1 branch of the dungeon, and saw 9 of its levels.

You collected 658 gold pieces.

Inventory:

Hand Weapons
 a - the +5 hunting sling of Hatred {venom, rPois rF+ Will+}
   (You found it on level 7 of the Dungeon)

   It poisons the ammo it fires.
   It protects you from fire.
   It protects you from poison.
   It affects your willpower, your defense against some magical effects.
Missiles
 b - 333 stones
 n - 7 javelins
 r - 6 curare-tipped darts
 z - 9 poisoned darts (quivered)
Armour
 g - a +0 leather armour (worn)
 j - a +0 helmet (worn)
 o - a +0 buckler (worn)
Jewellery
 i - an uncursed ring of see invisible
 v - a +6 ring of intelligence (left hand)
 w - a +6 ring of intelligence (right hand)
 D - a +6 ring of strength {unknown}
Wands
 x - a wand of flame (37)
 y - a wand of iceblast (3)
 C - a wand of acid (14)
 G - a wand of random effects (20)
Scrolls
 c - 2 scrolls of amnesia {unknown}
 e - a scroll of fear {unknown}
 h - a scroll of enchant armour
 k - 3 scrolls of enchant weapon
 m - 4 scrolls of remove curse
 p - a scroll of blinking
 q - a scroll of immolation
 t - 3 scrolls of teleportation
 A - a scroll of fog
Potions
 d - a potion of brilliance {unknown}
 f - 5 potions of might
 l - 3 potions of cancellation
 s - a potion of flight {unknown}
 u - 5 potions of mutation
 B - 2 potions of lignification {unknown}
 E - a potion of curing {unknown}
 F - a potion of attraction {unknown}
Miscellaneous
 H - a box of beasts


   Skills:
 + Level 6.0 Fighting
 + Level 5.4 Short Blades
 + Level 5.4 Long Blades
 + Level 5.4 Axes
 + Level 5.4 Maces & Flails
 + Level 5.4 Polearms
 + Level 5.4 Staves
 + Level 5.4 Slings
 + Level 5.4 Bows
 + Level 5.4 Crossbows
 + Level 5.4 Throwing
 + Level 5.4 Armour
 + Level 7.1 Dodging
 + Level 5.4 Stealth
 + Level 5.4 Shields
 + Level 8.6 Unarmed Combat
 + Level 7.4 Spellcasting
 + Level 4.4 Conjurations
 + Level 4.4 Hexes
 + Level 4.4 Summonings
 + Level 4.4 Necromancy
 + Level 4.4 Translocations
 + Level 5.9 Transmutations
 + Level 4.4 Fire Magic
 + Level 4.4 Ice Magic
 + Level 4.4 Air Magic
 + Level 4.4 Earth Magic
 + Level 4.4 Poison Magic
 + Level 5.9 Invocations
 + Level 5.4 Evocations


You had 7 spell levels left.
You knew the following spells:

 Your Spells              Type           Power        Failure   Level
a - Beastly Appendage     Tmut           96%          1%          1
b - Spider Form           Tmut/Pois      21%          1%          3
c - Ice Form              Ice/Tmut       43%          6%          4
d - Blade Hands           Tmut           24%          12%         5
e - Tukima's Dance        Hex            39%          2%          3

Your spell library contained the following spells:

 Spells                   Type           Power        Failure   Level
 Animate Skeleton         Necr           78%          1%          1
 Apportation              Tloc           78%          1%          1
 Corona                   Hex            43%          1%          1
 Summon Small Mammal      Summ           100%         1%          1
 Wereblood                Tmut           48%          1%          2
 Confusing Touch          Hex            39%          2%          3
 Gell's Gravitas          Tloc           19%          2%          3
 Lesser Beckoning         Tloc           19%          2%          3
 Petrify                  Tmut/Erth      43%          6%          4
 Alistair's Intoxication  Tmut/Pois      28%          17%         5
 Yara's Violent Unravell  Hex/Tmut       21%          17%         5
 Metabolic Englaciation   Hex/Ice        19%          22%         5
 Invisibility             Hex            39%          77%         6


Dungeon Overview and Level Annotations

Branches:
Dungeon (9/15)             Temple (0/1) D:7            Lair (0/6) D:9
    Orc: D:9-12

Altars:
Ashenzari
Dithmenos
Elyvilon
Gozag
Okawaru
Qazlal
Ru
Sif Muna
Trog
Vehumet
Wu Jian
Xom
Yredelemnul
Zin

Shops:
D:4 :

Annotations:
D:3 Grinder
D:4 exclusion: upstairs
D:5 Menkaure


Innate Abilities, Weirdness & Mutations

Your experience applies equally to all skills.
You have very sharp teeth.
Your uncanny sense of smell can sniff out nearby items.


Message History

You completely miss the basilisk.
The basilisk is severely wounded.
Your transformation is almost over.
The basilisk barely misses you.
Your limbs are stiffening.
You hit the basilisk.
The basilisk is almost dead.
The basilisk bites you!
You have turned to stone.
The basilisk bites you!
* * * LOW HITPOINT WARNING * * *
The basilisk bites you!
* * * LOW HITPOINT WARNING * * *
The basilisk bites you. x2
* * * LOW HITPOINT WARNING * * *
The basilisk gazes at you. x2
You resist with some effort.
Your hands revert to their normal proportions.
Your +0 buckler unmelds from your body.
The basilisk bites you!
* * * LOW HITPOINT WARNING * * *
The basilisk bites you!
You die...

,*** #.# ##'### ,* #.# #..# *****
#.### #####'##### ,,,,* #...#
#.........## ,,,,** #######.##
#.........'. ,,,,,*** #........#
#.........#.
,,,,,,,**#...>....####.........##
,,,,,,,,,............+.).......#
,,,,,,,,,#.....l@.####.........#
,,,,,,,,,#.#####)## ########'##
,,,,P,,,*.,* ##.# ##..#
,,,,.P,,,,,*###..# #..##
,.>,,..♣∆,**#...## #.##
P.,,,,,l.,*##+##### ###'#####
.P,,,,,,♣.##......# #.......#
..,,,,,,∆#††......# ###.......#
.P,,,,,,,#.#......#####.'.......#


You could see a basilisk.

Vanquished Creatures
  4 yaks (D:6)
  Grum (D:8)
  Edmund (D:4)
  A water moccasin (D:9)
  5 orc warriors
  2 sky beasts
  An ice beast (D:8)
  6 ogres
  4 black bears
  4 centaurs
  4 wolves
  A big kobold (D:8)
  4 scorpions
  4 wights (D:7)
  6 howler monkeys
  A bullfrog zombie (D:8)
  A quasit (D:8)
  3 centaur skeletons
  6 orc priests
  4 hounds
  A jelly (D:6)
  4 orc wizards
  Natasha (twice) (D:3)
  5 worker ants
  A worker ant zombie (D:5)
  5 adders
  A howler monkey skeleton (D:4)
  4 shadow imps
  2 white imps
  2 adder skeletons
  3 worms
  2 dart slugs
  5 leopard geckos
  27 orcs
  4 ball pythons
  8 bats
  2 giant cockroaches
  8 goblins
  11 hobgoblins
  4 jackals (D:3)
  7 quokkas
  2 frilled lizards (D:1)
  A jackal zombie (D:5)
  12 kobolds
  A leopard gecko zombie (D:7)
  A quokka skeleton (D:7)
  A quokka zombie (D:2)
  7 rats
196 creatures vanquished.

Vanquished Creatures (collateral kills)
  An orc (D:8)
1 creature vanquished.

Vanquished Creatures (others)
  2 fungi (D:9)
  20 plants (D:9)
22 creatures vanquished.

Grand Total: 219 creatures vanquished

Notes
Turn   | Place    | Note
-------+----------+-------------------------------------------
     0 | D:1      | Dazliare the Gnoll Transmuter began the quest for the Orb.
     0 | D:1      | Reached XP level 1. HP: 17/17 MP: 6/6
   146 | D:1      | Reached XP level 2. HP: 23/23 MP: 7/7
  1014 | D:2      | Found a shadowy altar of Dithmenos.
  1018 | D:2      | Became a worshipper of Dithmenos the Shadowed
  1027 | D:2      | Reached XP level 3. HP: 28/28 MP: 9/9
  1074 | D:2      | Reached skill level 5 in Spellcasting
  1100 | D:2      | Reached skill level 1 in Invocations
  1106 | D:2      | Learned a level 3 spell: Spider Form
  1245 | D:2      | Found a radiant altar of Vehumet.
  1421 | D:2      | Reached * piety under Dithmenos
  1422 | D:2      | Reached skill level 1 in Short Blades
  1422 | D:2      | Reached skill level 1 in Long Blades
  1422 | D:2      | Reached skill level 1 in Axes
  1422 | D:2      | Reached skill level 1 in Maces & Flails
  1422 | D:2      | Reached skill level 1 in Polearms
  1422 | D:2      | Reached skill level 1 in Staves
  1422 | D:2      | Reached skill level 1 in Slings
  1422 | D:2      | Reached skill level 1 in Bows
  1422 | D:2      | Reached skill level 1 in Crossbows
  1422 | D:2      | Reached skill level 1 in Throwing
  1422 | D:2      | Reached skill level 1 in Armour
  1422 | D:2      | Reached skill level 1 in Stealth
  1422 | D:2      | Reached skill level 1 in Shields
  1422 | D:2      | Reached skill level 1 in Evocations
  1777 | D:3      | Reached XP level 4. HP: 34/34 MP: 9/11
  1878 | D:3      | Noticed Natasha
  1887 | D:3      | Killed Natasha
  1888 | D:3      | Reached skill level 1 in Conjurations
  1888 | D:3      | Reached skill level 1 in Hexes
  1888 | D:3      | Reached skill level 1 in Summonings
  1888 | D:3      | Reached skill level 1 in Necromancy
  1888 | D:3      | Reached skill level 1 in Translocations
  1888 | D:3      | Reached skill level 1 in Fire Magic
  1888 | D:3      | Reached skill level 1 in Ice Magic
  1888 | D:3      | Reached skill level 1 in Air Magic
  1888 | D:3      | Reached skill level 1 in Earth Magic
  1888 | D:3      | Reached skill level 1 in Poison Magic
  2127 | D:3      | Noticed Natasha
  2179 | D:3      | Noticed an ogre
  2197 | D:3      | Killed an ogre
  2198 | D:3      | Reached XP level 5. HP: 26/41 MP: 8/12
  2393 | D:3      | Killed Natasha
  2394 | D:3      | Reached XP level 6. HP: 47/47 MP: 9/13
  2505 | D:3      | Found a shimmering blue altar of Sif Muna.
  2691 | D:3      | Noticed Grinder
  2908 | D:4      | Noticed Edmund
  2922 | D:4      | Killed Edmund
  2923 | D:4      | Reached skill level 5 in Dodging
  2931 | D:4      | Reached XP level 7. HP: 43/52 MP: 13/15
  2994 | D:4      | Found Juapnurph's Book Boutique.
  3206 | D:4      | Reached skill level 7 in Unarmed Combat
  3757 | D:5      | Entered Level 5 of the Dungeon
  3991 | D:5      | Noticed Menkaure
  4053 | D:5      | Learned a level 4 spell: Ice Form
  4059 | D:5      | Learned a level 5 spell: Blade Hands
  4164 | D:5      | Reached ** piety under Dithmenos
  4314 | D:5      | Found a bloodstained altar of Trog.
  4869 | D:5      | Found an opulent altar of Gozag.
  4870 | D:5      | Found a glowing silver altar of Zin.
  4933 | D:5      | Found a shimmering altar of Xom.
  5122 | D:6      | Reached XP level 8. HP: 33/60 MP: 14/16
  5594 | D:6      | Found an ornate altar of the Wu Jian Council.
  5594 | D:6      | Found a faded altar of an unknown god.
  5748 | D:6      | Found a faded altar of an unknown god.
  5750 | D:6      | Found a broken altar of Ashenzari.
  5751 | D:6      | Found a basalt altar of Yredelemnul.
  5826 | D:6      | You fall into a shaft and drop 3 floors!
  5848 | D:9      | Learned a level 3 spell: Tukima's Dance
  6176 | D:7      | Reached XP level 9. HP: 66/66 MP: 18/18
  6201 | D:6      | Reached skill level 5 in Transmutations
  6235 | D:6      | Reached skill level 5 in Fighting
  6680 | D:6      | Found a white marble altar of Elyvilon.
  6683 | D:6      | Found an iron altar of Okawaru.
  6686 | D:6      | Found a stormy altar of Qazlal.
  7129 | D:7      | Found a staircase to the Ecumenical Temple.
  7150 | D:7      | Reached *** piety under Dithmenos
  7151 | D:7      | Reached skill level 8 in Unarmed Combat
  7349 | D:7      | Reached skill level 5 in Invocations
  7552 | D:7      | Got an ancient hunting sling
  7553 | D:7      | Identified the +5 hunting sling of Hatred {venom, rPois rF+
                  | Will+} (You found it on level 7 of the Dungeon)
  8316 | D:8      | Reached XP level 10. HP: 26/74 MP: 16/20
  8988 | D:8      | Reached skill level 5 in Short Blades
  8988 | D:8      | Reached skill level 5 in Long Blades
  8988 | D:8      | Reached skill level 5 in Axes
  8988 | D:8      | Reached skill level 5 in Maces & Flails
  8988 | D:8      | Reached skill level 5 in Polearms
  8988 | D:8      | Reached skill level 5 in Staves
  8988 | D:8      | Reached skill level 5 in Slings
  8988 | D:8      | Reached skill level 5 in Bows
  8988 | D:8      | Reached skill level 5 in Crossbows
  8988 | D:8      | Reached skill level 5 in Throwing
  8988 | D:8      | Reached skill level 5 in Armour
  8988 | D:8      | Reached skill level 5 in Stealth
  8988 | D:8      | Reached skill level 5 in Shields
  8988 | D:8      | Reached skill level 5 in Evocations
  9206 | D:8      | Noticed Grum
  9216 | D:8      | Killed Grum
  9748 | D:8      | Found a sacrificial altar of Ru.
  9980 | D:9      | HP: 2/76 [basilisk (7)]
  9981 | D:9      | Slain by a basilisk

Illustrated notes

Levels and vault maps discovered:
D:1:      dpeg_arrival_lava_temple_mockup, layout_loops_ring,
          grunt_decor_resistance
D:2:      layout_loops_ring, vehumet_crystals, amcnicky_mini_corridor_feature,
          grunt_dithmenos_smoke_and_mirrors
D:3:      layout_basic, nicolae_overflow_crystal_walls,
          kennysheep_generic_room_9, uniq_natasha, uniq_grinder
D:4:      cheibrodos_quashed, layout_basic, serial_shops, shop,
          grunt_ministairs_12, hangedman_decor_push, uniq_edmund
D:5:      layout_loops_cross, grunt_temple_overflow_gold_and_silver,
          xom_butterflies, basic_altar, uniq_menkaure
D:6:      layout_rooms, chequers_temple_overflow_minitemple,
          grunt_temple_overflow_diamond
D:7:      layout_cave_pods, minmay_temple_entry_mini_moons
D:8:      layout_loops_ring, kennysheep_mini_moat, kennysheep_generic_room_15,
          uniq_grum
D:9:      layout_roguey, cheibriados_altar_1, minmay_lair_entry_grove,
          ebering_ghost_disaster_area, uniq_erolcha

Skill      XL: |  1  2  3  4  5  6  7  8  9 10 |
---------------+-------------------------------+-----
Spellcasting   | 5 6 7 |  7.4
Invocations    | 1 2 3 4 5 |  5.9
Short Blades   | 1 2 3 4 5 |  5.4
Long Blades    | 1 2 3 4 5 |  5.4
Axes           | 1 2 3 4 5 |  5.4
Maces & Flails | 1 2 3 4 5 |  5.4
Polearms       | 1 2 3 4 5 |  5.4
Staves         | 1 2 3 4 5 |  5.4
Slings         | 1 2 3 4 5 |  5.4
Bows           | 1 2 3 4 5 |  5.4
Crossbows      | 1 2 3 4 5 |  5.4
Throwing       | 1 2 3 4 5 |  5.4
Armour         | 1 2 3 4 5 |  5.4
Stealth        | 1 2 3 4 5 |  5.4
Shields        | 1 2 3 4 5 |  5.4
Evocations     | 1 2 3 4 5 |  5.4
Conjurations   | 1 2 3 4 |  4.4
Hexes          | 1 2 3 4 |  4.4
Summonings     | 1 2 3 4 |  4.4
Necromancy     | 1 2 3 4 |  4.4
Translocations | 1 2 3 4 |  4.4
Fire Magic     | 1 2 3 4 |  4.4
Ice Magic      | 1 2 3 4 |  4.4
Air Magic      | 1 2 3 4 |  4.4
Earth Magic    | 1 2 3 4 |  4.4
Poison Magic   | 1 2 3 4 |  4.4
Fighting       | 3 4 5 6 |  6.0
Transmutations | 4 5 |  5.9
Dodging        | 5 6 7 |  7.1
Unarmed Combat | 7 8 |  8.6

Action                   |  1- 3 |  4- 6 |  7- 9 | 10-12 || total
-------------------------+-------+-------+-------+-------++-------
Melee: Unarmed           |    98 |    91 |   367 |   135 ||   691
       Bite              |     5 |     7 |    28 |    10 ||    50
       Kick              |     2 |     4 |       |       ||     6
       Headbutt          |     1 |       |       |       ||     1
       Punch             |       |     5 |     1 |     1 ||     7
 Fire: Hunting sling     |       |       |    24 |    35 ||    59
Throw: Dart              |       |       |     8 |       ||     8
 Cast: Beastly Appendage |     5 |       |       |       ||     5
       Spider Form       |       |     4 |    11 |     1 ||    16
       Tukima's Dance    |       |       |     3 |     3 ||     6
       Blade Hands       |       |       |     2 |     2 ||     4
       Ice Form          |       |       |     1 |       ||     1
  Use: Scroll            |       |       |    15 |       ||    15
 Stab: Sleeping          |     5 |     2 |     8 |     2 ||    17
       Distracted        |       |       |     2 |     1 ||     3
Armor: Robe              |     7 |       |       |       ||     7
       Leather armour    |    12 |     5 |    23 |     7 ||    47
       Skin              |       |       |     2 |     1 ||     3
Dodge: Dodged            |    66 |    53 |   298 |    89 ||   506
Block: Buckler           |       |     3 |    29 |    23 ||    55
